 Dungeon Crawl Stone Soup version 0.31-a0-246-g8cbcc1cb85 (webtiles) character file.

Game seed: 14342310322220268791

21924 Monkooky the Nimble (level 13, -1/129 HPs)
             Began as a Kobold Shapeshifter on July 12, 2023.
             Was an Elder of Wu Jian.
             Slain by a death yak (17 damage)
             ... on level 2 of the Lair of Beasts.
             The game lasted 00:35:58 (15837 turns).

Monkooky the Nimble (Kobold Shapeshifter)          Turns: 15837, Time: 00:35:59

Health: -1/129     AC: 30    Str: 12    XL:     13   Next: 23%
Magic:  13/13      EV:  3    Int: 10    God:    Wu Jian [****..]
Gold:   237        SH:  0    Dex: 26    Spells: 12/12 levels left

rFire   . .          .
                       - Unarmed
rCold   . . .        (no shield)
rNeg    . . .        M - melded +0 steam dragon scales
rPois   +            x - melded +2 helmet
rElec   .            z - melded +0 cloak
rCorr   .            I - melded +0 pair of gloves
SInv    .            j - melded +2 pair of boots
Will    .....        (no amulet)
Stlth   ++++++       U - +4 ring of protection
HPRegen 0.41/turn    P - +6 ring of dexterity
MPRegen 0.13/turn

%: no passive effects
@: tree-form
A: stationary, stasis, torment immunity, boosted hp, small, no large weapons,
nightstalker 3
a: Renounce Religion, Wall Jump, Serpent's Lash


You were on level 2 of the Lair of Beasts.
You worshipped Wu Jian.
Wu Jian was greatly pleased with you.
You were a tree.
You visited 3 branches of the dungeon, and saw 13 of its levels.
You also visited: Volcano.

You collected 885 gold pieces.
You spent 648 gold pieces at shops.

Inventory:

Hand Weapons
 p - a +5 dagger of speed
 E - a +1 vampiric long sword
 H - a +1 dagger of flaming
 K - a +2 dagger of distortion
 Q - a +1 rapier of flaming
Missiles
 k - 9 poisoned darts (quivered)
Armour
 a - a +0 animal skin
 j - a +2 pair of boots (melded)
 q - a +0 helmet
 x - a +2 helmet (melded)
 z - a +0 cloak (melded)
 I - a +0 pair of gloves (melded)
 M - +0 steam dragon scales (melded)
Jewellery
 e - a ring of resist corrosion
 G - a ring of ice
 P - a +6 ring of dexterity (right branch)
 U - a +4 ring of protection (left branch)
 V - a ring of fire
 Y - an amulet of guardian spirit
Talismans
 c - a beast talisman
 T - a maw talisman
Wands
 y - a wand of digging (9)
 F - a wand of polymorph (9)
 L - a wand of quicksilver (5)
 X - a wand of charming (1)
Scrolls
 d - 3 scrolls of teleportation
 g - 2 scrolls of vulnerability
 n - 9 scrolls of revelation
 r - a scroll of amnesia
 s - 4 scrolls of poison
 t - 4 scrolls of blinking
 v - a scroll of torment
 w - 5 scrolls of fog
 D - a scroll of noise
 R - a scroll of brand weapon
Potions
 b - 2 potions of lignification
 h - a potion of heal wounds
 i - 3 potions of brilliance {unknown}
 l - 4 potions of curing
 m - a potion of berserk rage
 o - a potion of resistance
 u - 4 potions of enlightenment
 A - 2 potions of cancellation
 B - a potion of attraction
 C - 2 potions of haste
 N - 2 potions of magic
 S - a potion of mutation {unknown}
Miscellaneous
 J - a phantom mirror


   Skills:
 - Level 12.0 Fighting
 - Level 10.0 Short Blades
 - Level 6.0 Throwing
 - Level 13.0 Dodging
 - Level 9.2 Stealth
 - Level 3.0 Unarmed Combat
 - Level 5.1 Evocations
 + Level 7.6 Shapeshifting


You had 12 spell levels left.
You didn't know any spells.
Your spell library contained the following spells:

 Spells                   Type           Power      Damage    Failure   Level
 Freeze                   Ice            0%         1d3       36%         1
 Shock                    Conj/Air       0%         1d3       36%         1
 Slow                     Hex            0%         N/A       36%         1
 Call Canine Familiar     Summ           0%         N/A       75%         3
 Confusing Touch          Hex            0%         N/A       75%         3
 Frozen Ramparts          Ice            0%         1d1       75%         3
 Hailstorm                Conj/Ice       0%         3d3       75%         3
 Ignite Poison            Fire/Tmut/Pois 0%         N/A       75%         3
 Portal Projectile        Hex/Tloc       0%         N/A       75%         3
 Swiftness                Air            0%         N/A       75%         3
 Vampiric Draining        Necr           0%         2d6       75%         3
 Airstrike                Air            0%         2d(0-16)  98%         4
 Leda's Liquefaction      Hex/Erth       0%         N/A       98%         4
 Petrify                  Tmut/Erth      0%         N/A       98%         4
 Sticky Flame             Conj/Fire      0%         2d3       98%         4
 Metabolic Englaciation   Hex/Ice        0%         N/A       100%        5
 Ignition                 Fire           0%         3d3       100%        8


Dungeon Overview and Level Annotations

Branches:
Dungeon (10/15)            Temple (0/1) D:6            Lair (2/5) D:9
 Spider (0/4) Lair:2          Orc (1/2) D:9         Volcano (visited)
  Swamp: Lair:2-3    Shoals: Lair:2-3

Altars:
Cheibriados
Elyvilon
Hepliaklqana
Kikubaaqudgha
Qazlal
Vehumet
Wu Jian
The Shining One

Shops:
D:4 !*[=   D:5 (   D:9 (

Annotations:
D:4 2 transporters


Innate Abilities, Weirdness & Mutations

You are a tree.
Your roots penetrate the ground, keeping you stationary.
You cannot be teleported.
You are immune to unholy pain and torment.
Your maximum health is greatly increased.
Your equipment is partially melded.
You are small and have problems with some larger weapons.
You are completely attuned to the shadows.


Message History

The death yak is moderately wounded.
Throw: 10 darts (poison)
Press: ? - help, Q - select action, (/) - cycle Shift-Dir - straight line, f/p - death yak
Aim: a death yak (moderately wounded, very poisoned, 85% to hit)
You throw a poisoned dart. The poisoned dart hits the death yak!
The death yak looks as sick as possible!
The death yak is moderately wounded.
The death yak gores you! The death yak attacks as you move away!
The death yak gores you. The death yak attacks as you move away!
The death yak gores you!
* * * LOW HITPOINT WARNING * * *
Okay, then.
Really quaff the potion of lignification?
You turn into a tree.
Your +0 cloak melds into your body.
Your +2 helmet melds into your body.
Your +0 pair of gloves melds into your body.
Your +2 pair of boots melds into your body.
Your +0 steam dragon scales melds into your body.
Your roots penetrate the ground.
The death yak gores you.
* * * LOW HITPOINT WARNING * * *
You are now empty-handed.
You hit the death yak.
The death yak is heavily wounded.
The death yak gores you!
* * * LOW HITPOINT WARNING * * *
You hit the death yak but do no damage.
The death yak is heavily wounded.
The death yak completely misses you.
You hit the death yak but do no damage.
The death yak is severely wounded.
The death yak gores you!
* * * LOW HITPOINT WARNING * * *
You feel much better. The death yak gores you!
* * * LOW HITPOINT WARNING * * *
You hit the death yak. You punch the death yak.
The death yak is severely wounded.
You hit the death yak but do no damage.
The death yak is severely wounded.
The death yak gores you!
You die...

.................................
.................................
.................................
.................................
...###.########..P#P.#..###..#...
...# ##.###.##...###.##.###..#...
#..# ##.#.P.##....#.#.####...###.
#..# #...........+......###..###.
#..##.......##..♣#P#......'..##..
#..###.....####.Y###....###..#.#.
#..######..# #...##..#P#.....###
#...#.##.#.####..##...####...^#
P................##..#....#...###
.................................
...............(.................
.................................
.................................


You could see a death yak (poisoned).

Vanquished Creatures
  A fire dragon (Volcano)
  A hydra (Lair:2)
  A catoblepas (Lair:2)
  2 two-headed ogres
  An orc high priest (Orc:1)
  A death yak (Lair:2)
  Amaemon (D:9)
  3 salamanders (Volcano)
  2 black mambas
  2 cane toads
  An orange demon (D:9)
  A rime drake (Lair:2)
  10 komodo dragons
  4 trolls
  A polar bear (Lair:2)
  A blink frog (Lair:2)
  7 wyverns
  15 yaks
  A shadow (D:10)
  A vampire (D:10)
  6 fire bats (Volcano)
  2 wargs (Orc:1)
  Grum (D:8)
  5 steam dragons
  Menkaure (D:5)
  5 water moccasins
  A swamp drake (Orc:1)
  Duvessa (D:7)
  4 orc warriors
  2 sky beasts
  2 black bears (D:6)
  3 ogres (Volcano)
  3 phantoms
  9 wolves
  4 centaurs
  3 kobold brigands
  8 bullfrogs
  A gnoll sergeant (D:10)
  2 scorpions
  Dowan (D:7)
  4 wights (D:7)
  9 killer bees (D:9)
  A vampire bat (D:4)
  4 howler monkeys
  A hound (D:5)
  2 orc priests
  A jelly (D:6)
  A sleepcap (D:5)
  2 iguanas
  4 orc wizards
  Robin (D:2)
  6 gnolls
  3 adders (D:2)
  A shadow imp (D:5)
  3 ufetubi
  A worm (D:2)
  3 dart slugs
  17 orcs
  6 endoplasms
  2 giant cockroaches
  14 goblins
  6 hobgoblins
  17 jackals
  19 kobolds
  2 quokkas
  3 ball pythons
  8 bats
  3 frilled lizards
  2 rats
267 creatures vanquished.

Notes
Turn   | Place    | Note
-------+----------+-------------------------------------------
     0 | D:1      | Monkooky the Kobold Shapeshifter began the quest for the
                  | Orb.
     0 | D:1      | Reached XP level 1. HP: 12/12 MP: 1/1
   364 | D:1      | Reached XP level 2. HP: 9/17 MP: 2/2
   893 | D:2      | Reached XP level 3. HP: 15/22 MP: 3/3
  1078 | D:2      | Reached XP level 4. HP: 26/28 MP: 4/4
  1271 | D:2      | Found a white marble altar of Elyvilon.
  1618 | D:2      | Noticed Robin
  1680 | D:2      | Killed Robin
  1681 | D:2      | Reached skill level 1 in Short Blades
  1851 | D:2      | Reached XP level 5. HP: 28/33 MP: 5/5
  2233 | D:3      | Found a hazy altar of Hepliaklqana.
  2485 | D:3      | Found a radiant altar of Vehumet.
  2730 | D:3      | Found a snail-covered altar of Cheibriados.
  2748 | D:3      | Became a worshipper of Cheibriados the Contemplative
  2774 | D:3      | Fell from the grace of Cheibriados
  2987 | D:4      | Found Jepror's Jewellery Boutique.
  3049 | D:4      | Found Xeqaes's Antique Armour Shoppe.
  3666 | D:4      | Found a transporter.
  3704 | D:4      | Found Cochijeg's General Store.
  3923 | D:4      | Found Lufeom's Distillery.
  3926 | D:4      | Bought a potion of heal wounds for 70 gold pieces
  3926 | D:4      | Bought a potion of curing for 42 gold pieces
  3926 | D:4      | Bought a potion of attraction for 42 gold pieces
  3926 | D:4      | Bought a potion of enlightenment for 70 gold pieces
  3980 | D:4      | Found a transporter.
  4063 | D:4      | Found an ornate altar of the Wu Jian Council.
  4100 | D:4      | Became a worshipper of the Wu Jian Council
  4333 | D:5      | Entered Level 5 of the Dungeon
  4441 | D:5      | Noticed Menkaure
  4459 | D:5      | Killed Menkaure
  4460 | D:5      | Reached skill level 5 in Short Blades
  4460 | D:5      | Reached XP level 6. HP: 34/38 MP: 6/6
  4719 | D:5      | Reached XP level 7. HP: 20/43 MP: 7/7
  4854 | D:5      | Found Fogovac's Antique Weapon Shop.
  5925 | D:6      | Found an ancient bone altar of Kikubaaqudgha.
  5999 | D:6      | Found a staircase to the Ecumenical Temple.
  6060 | D:6      | Reached skill level 5 in Fighting
  6060 | D:6      | Reached XP level 8. HP: 23/49 MP: 8/8
  6700 | D:7      | Reached * piety under Wu Jian
  7019 | D:7      | Noticed Duvessa
  7019 | D:7      | Noticed Dowan
  7029 | D:7      | Killed Duvessa
  7039 | D:7      | Killed Dowan
  7040 | D:7      | Reached XP level 9. HP: 48/57 MP: 9/9
  7197 | D:7      | Was forgiven by Cheibriados
  7513 | D:7      | Reached skill level 10 in Short Blades
  7666 | D:7      | Reached skill level 3 in Dodging
  7915 | D:8      | Noticed Grum
  7949 | D:7      | Reached skill level 4 in Dodging
  8125 | D:8      | Killed Grum
  8240 | D:8      | Reached skill level 5 in Dodging
  8481 | D:8      | Reached skill level 6 in Dodging
  8481 | D:8      | Reached XP level 10. HP: 66/66 MP: 10/10
  8573 | D:8      | Found a stormy altar of Qazlal.
  8735 | D:8      | Reached skill level 7 in Dodging
  8859 | D:9      | Identified the +1 flail "Deikuxa" {heavy, Drain Fly Int-2
                  | Dex+9}
  8913 | D:9      | Noticed an orange demon
  8915 | D:9      | Noticed Amaemon
  8924 | D:9      | Killed an orange demon
  8925 | D:9      | Reached skill level 10 in Fighting
  8925 | D:9      | Reached skill level 8 in Dodging
  8936 | D:9      | Killed Amaemon
  8937 | D:9      | Reached skill level 9 in Dodging
  8937 | D:9      | Reached ** piety under Wu Jian
  9106 | D:9      | Found a staircase to the Orcish Mines.
  9452 | D:9      | Found a glowing golden altar of the Shining One.
  9483 | D:9      | Found a staircase to the Lair.
  9551 | D:9      | Reached skill level 10 in Dodging
  9644 | D:9      | Reached XP level 11. HP: 52/73 MP: 11/11
  9821 | D:9      | Found Cezutin's Weapon Shop.
  9826 | D:9      | Reached skill level 11 in Dodging
  9829 | D:9      | Bought 2 curare-tipped darts for 28 gold pieces
  9993 | Orc:1    | Entered Level 1 of the Orcish Mines
 10230 | Orc:1    | Noticed an orc high priest
 10249 | Orc:1    | Killed an orc high priest
 10488 | Orc:1    | Reached skill level 1 in Evocations
 10979 | D:10     | Entered Level 10 of the Dungeon
 11008 | D:10     | Reached *** piety under Wu Jian
 11041 | D:10     | Noticed a two-headed ogre
 11060 | D:10     | Killed a two-headed ogre
 11396 | D:4      | Bought a +6 ring of dexterity for 396 gold pieces
 11521 | Lair:1   | Entered Level 1 of the Lair of Beasts
 11742 | Lair:1   | Found a dark tunnel.
 11775 | Volcano  | Entered a volcano
 11779 | Volcano  | Noticed a two-headed ogre
 11782 | Volcano  | Killed a two-headed ogre
 11783 | Volcano  | Reached skill level 5 in Throwing
 11798 | Volcano  | Noticed a salamander
 11801 | Volcano  | Killed a salamander
 11802 | Volcano  | Reached XP level 12. HP: 80/80 MP: 12/12
 11828 | Volcano  | Reached skill level 5 in Evocations
 12164 | Volcano  | Reached skill level 12 in Dodging
 12634 | Volcano  | Noticed a fire dragon
 12637 | Volcano  | Killed a fire dragon
 13020 | Volcano  | Reached **** piety under Wu Jian
 13022 | Volcano  | Reached skill level 13 in Dodging
 14613 | Lair:1   | Reached skill level 5 in Shapeshifting
 15130 | Lair:2   | Reached XP level 13. HP: 86/86 MP: 13/13
 15255 | Lair:2   | Noticed a catoblepas
 15258 | Lair:2   | Killed a catoblepas
 15303 | Lair:2   | Noticed a seven-headed hydra
 15308 | Lair:2   | Killed a seven-headed hydra
 15696 | Lair:2   | Found a hole to the Spider Nest.
 15837 | Lair:2   | Slain by a death yak

Illustrated notes

Levels and vault maps discovered:
D:1:      sevenhm_arrival_forest_fort_small_4, layout_loops_cross,
          nicolae_figureground_pulse
D:2:      layout_loops_corners, basic_altar, dk_noncrumbling_2,
          bh_walls_and_bars, uniq_robin
D:3:      layout_basic, nicolae_vehumet_radiance, overflow_temple_1_default,
          lemuel_round_altar
D:4:      layout_layer_cave, nzn_wu_jian_contemplation, serial_shops,
          nicolae_shop_real_fake_doors, nicolae_stop_n_shop_1,
          nicolae_shop_drivethru, nicolae_square_shop, roderic_batcave,
          nrook_campfire, kennysheep_generic_room_2
D:5:      layout_cave_pools, nicolae_overflow_hidden_temple, serial_shops,
          nicolae_shop_overgrown_old_shop, st_stairs_3, uniq_menkaure
D:6:      layout_loops_ring, amcnicky_altar_gilded, minmay_temple_entry_slanted,
          feat_on_display
D:7:      layout_loops_ring, chequers_serial_rivers_micro_b, uniq_duvessa
D:8:      layout_rooms, nicolae_qazlal_general_emergency, uniq_grum
D:9:      layout_small_grid, tso_metal_star, dpeg_oklobed_lair, serial_shops,
          nicolae_lakefront_shop, uniq_amaemon
D:10:     layout_grid_maze
Lair:1:   layout_cave_pods, nicolae_volcano_entry_lava_flow
Lair:2:   layout_regular_city, spider_nest_entry_web_field
Orc:1:    layout_diamond_mine, basic_altar, gammafunk_ghost_smash,
          nicolae_orc_crystal_geode, uniq_sonja

Skill      XL: |  1  2  3  4  5  6  7  8  9 10 11 12 13 |
---------------+----------------------------------------+-----
Unarmed Combat | 3 |  3.0
Fighting       | 3 4 5 7 9 10 11 12 | 12.0
Short Blades   | 1 5 6 7 9 10 | 10.0
Shapeshifting  | 4 5 7 |  7.6
Dodging        | 6 10 11 13 | 13.0
Stealth        | 7 9 |  9.2
Evocations     | 4 5 |  5.1
Throwing       | 6 |  6.0

Action                     |  1- 3 |  4- 6 |  7- 9 | 10-12 | 13-15 || total
---------------------------+-------+-------+-------+-------+-------++-------
  Melee: Unarmed           |    61 |    46 |       |       |     5 ||   112
         Dagger            |       |   150 |   381 |   920 |    73 ||  1524
         Punch             |       |     4 |     4 |    40 |     2 ||    50
  Throw: Dart              |       |       |       |    14 |    16 ||    30
 Invoke: Renounce Religion |       |     1 |       |       |       ||     1
Ability: Lunge             |       |     1 |    20 |    55 |     6 ||    82
         Whirlwind         |       |       |     9 |    33 |     4 ||    46
  Evoke: Wand              |       |       |       |     3 |       ||     3
         Phantom mirror    |       |       |       |     1 |       ||     1
    Use: Potion            |       |     4 |       |     4 |     2 ||    10
         Scroll            |       |       |    15 |     6 |     2 ||    23
   Stab: Sleeping          |     5 |     7 |     9 |    35 |     4 ||    60
         Distracted        |     1 |       |     1 |     1 |     1 ||     4
 Armour: Animal skin       |     5 |    23 |    16 |     4 |       ||    48
         Skin              |       |     3 |       |       |       ||     3
         Steam dragon scal |       |       |       |    45 |     3 ||    48
  Dodge: Dodged            |    45 |   121 |   108 |   402 |    39 ||   715
         Form:             |       |       |     1 |       |       ||     1

Table legend: (Time is in decaauts)
 A = Elapsed time spent in this place.
 B = Non-inter-level travel time spent in this place.
 C = Inter-level travel time spent in this place.
 D = Time resting spent in this place.
 E = Time spent auto-exploring this place.
 F = Levels seen in this place.
 G = Mean time per level.
                   A        B        C        D        E       F      G
               +--------+--------+--------+--------+--------+-----+--------+
         Total |  15907 |  14854 |   1053 |   1239 |  11182 |  14 | 1136.2 |
       Dungeon |  12489 |  11496 |    993 |   1091 |   9039 |  10 | 1248.9 |
          Lair |   1879 |   1820 |     59 |     19 |   1445 |   2 |  939.5 |
  Orcish Mines |    427 |    427 |      0 |      2 |    184 |   1 |  427.0 |
       Volcano |   1111 |   1111 |      0 |    127 |    514 |   1 | 1111.0 |
               +--------+--------+--------+--------+--------+-----+--------+

Top non-repeatable levels by time:
     D:4: 2123 daAuts
     D:9: 1620 daAuts
     D:7: 1533 daAuts
     D:5: 1488 daAuts
     D:2: 1391 daAuts
 Volcano: 1111 daAuts
    D:10: 1058 daAuts
  Lair:1: 1014 daAuts
     D:6: 957 daAuts
  Lair:2: 864 daAuts
     D:1: 814 daAuts
     D:8: 764 daAuts
     D:3: 737 daAuts
   Orc:1: 427 daAuts
